 Dungeon Crawl Stone Soup version 0.21.1-1-g345015f (webtiles) character file.

5931 Toshki the Basher (level 10, 0/135 HPs)
             Began as a Minotaur Monk on June 16, 2018.
             Was an Elder of Cheibriados.
             Slain by a basilisk (3 damage)
             ... on level 1 of the Lair of Beasts.
             The game lasted 01:02:51 (11365 turns).

Toshki the Basher (Minotaur Monk)                  Turns: 11365, Time: 01:02:51

Health: 0/135      AC: 25    Str: 37    XL:     10   Next: 54%
Magic:  10/10      EV:  2    Int: 17    God:    Cheibriados [****..]
Gold:   324        SH:  0    Dex: 26    Spells: 9/9 levels left

rFire    . . .     SeeInvis .   l - +1 mace (drain)
rCold    . . .     Gourm    .   k - +1 buckler
rNeg     + + +     Faith    .   (armour currently unavailable)
rPois    +         Spirit   .   (helmet currently unavailable)
rElec    .         Reflect  .   (cloak currently unavailable)
rCorr    .         Harm     .   (gloves currently unavailable)
MR       .....     NoTele   +   (boots currently unavailable)
Stlth    ++++......             (no amulet)
HPRegen  0.32/turn              g - +3 ring of strength
MPRegen  0.12/turn              A - +3 ring of strength

@: mighty, tree-form (expiring), vulnerable, petrifying (expiring), very slow
A: (retaliatory headbutt)
a: Bend Time, Temporal Distortion, Slouch, Renounce Religion


You were on level 1 of the Lair of Beasts.
You worshipped Cheibriados.
Cheibriados was greatly pleased with you.
You were not hungry.
You were a tree.
You visited 3 branches of the dungeon, and saw 10 of its levels.

You collected 324 gold pieces.

Inventory:

Hand Weapons
 f - a +0 spear of piercing
 l - a +1 mace of draining (weapon)
 m - a +1 short sword of venom
 t - a +0 dagger
 w - a +1 dagger of venom
Missiles
 h - 178 stones (quivered)
Armour
 k - a +1 buckler (worn)
 o - a +0 pair of gloves (melded)
 p - a +2 robe (melded)
Jewellery
 g - a +3 ring of strength (left branch)
 v - an uncursed ring of positive energy
 A - a +3 ring of strength (right branch)
 C - a +5 ring of intelligence
Wands
 s - a wand of acid (5)
 z - a wand of flame (25)
Scrolls
 e - 3 scrolls of identify
 i - a scroll of blinking {unknown}
 x - a scroll of enchant weapon {unknown}
 y - 3 scrolls of remove curse
Potions
 a - a potion of lignification
 d - 3 potions of agility
 j - a potion of berserk rage {unknown}
 u - a potion of might
Books
 q - a book of Clouds

   Spells                             Type                      Level
   a - Poisonous Vapours              Poison/Air                   2
   b - Mephitic Cloud                 Conjuration/Poison/Air       3
   c - Conjure Flame                  Conjuration/Fire             3
   d - Freezing Cloud                 Conjuration/Ice/Air          6
   e - Ring of Flames                 Charms/Fire                  7
 D - the Volume of the Eternal Fruit
   (You found it on level 1 of the Lair of Beasts)

   Spells                             Type                      Level
   a - Beastly Appendage              Transmutation                1
   b - Sublimation of Blood           Necromancy                   2
   c - Animate Dead                   Necromancy                   4
   d - Blade Hands                    Transmutation                5
   e - Dragon Form                    Transmutation                7
Comestibles
 c - 7 rations
 B - 4 chunks of flesh


   Skills:
 + Level 8.4 Fighting
 - Level 2.6 Short Blades
   Level 4.1(8.2) Axes
 + Level 11.0(11.3) Maces & Flails
 + Level 8.1 Dodging
 + Level 5.9 Stealth
 + Level 5.7 Shields
 * Level 2.2 Invocations


You had 9 spell levels left.
You didn't know any spells.

Dungeon Overview and Level Annotations

Branches:
Dungeon (8/15)             Temple (1/1) D:5            Lair (1/6) D:8

Altars:
Ashenzari
Cheibriados
Elyvilon
Fedhas
Gozag
Hepliaklqana
Kikubaaqudgha
Makhleb
Nemelex Xobeh
Ru
Sif Muna
Trog
Uskayaw
Wu Jian
Xom
Yredelemnul
Zin
The Shining One

Annotations:
Lair:1 exclusion: 4 oklob plants


Innate Abilities, Weirdness & Mutations

((You reflexively headbutt those who attack you in melee.))
((You have a pair of horns on your head.))


Message History

You are slowing down.
The wolf bites you.
* * * LOW HITPOINT WARNING * * *
As you read the scroll labeled BAFRI PUTAODD, it crumbles to dust.
You feel a strange sense of stasis.
It was a scroll of teleportation.
The wolf bites you. The wolf bites you but does no damage.
The wolf completely misses you.
The wolf bites you but does no damage. x2
The basilisk bites you but does no damage.
The wolf bites you but does no damage. x2; The wolf bites you.
* * * LOW HITPOINT WARNING * * *
Your limbs are stiffening.
As you read the scroll labeled XURINW KOOREJ, it crumbles to dust.
You feel a surge of unholy energy.
The wolf convulses! x3
The basilisk convulses!
It was a scroll of torment.
The wolf bites you but does no damage. x2; The wolf bites you.
* * * LOW HITPOINT WARNING * * *
The basilisk gazes at you. You resist with significant effort.
The wolf bites you but does no damage. x3
The basilisk bites you.
You die...

.........................
.........................
................/........
.........................
.........................
.........................
.........................
..............>.hl.......
.............>..♣h.......
......).........h........
..............[.........
#P##.##########.###.##.
## ## ### ##


You could see a basilisk and 3 wolves.

Vanquished Creatures
  2 two-headed ogres (D:8)
  Joseph (Lair:1)
  A hippogriff (Lair:1)
  A wyvern (D:8)
  The ghost of Hebeh the Covered, an amateur DDFi (D:3)
  2 yaks (D:8)
  Menkaure (D:6)
  2 porcupines (Lair:1)
  2 ice beasts
  A sky beast (D:8)
  3 black bears (D:8)
  A necrophage (D:8)
  An orc warrior (D:8)
  4 phantoms
  4 ogres
  2 centaurs
  2 wolves (Lair:1)
  2 crocodiles (D:8)
  2 bullfrogs (D:8)
  A gnoll sergeant (D:5)
  3 killer bees (D:7)
  A howler monkey (D:8)
  6 crimson imps
  4 orc priests
  2 hounds (D:8)
  3 orc wizards
  A bullfrog skeleton (D:5)
  A jelly (D:8)
  A centaur skeleton (D:6)
  2 iguanas
  5 worker ants
  A killer bee zombie (D:7)
  A hound zombie (D:5)
  2 worker ant zombies
  A howler monkey zombie (D:6)
  8 gnolls
  9 adders
  A shadow imp (D:7)
  An adder zombie (D:7)
  An adder skeleton (D:6)
  3 worms
  2 leopard geckos
  24 orcs
  2 giant cockroaches
  3 goblins (D:3)
  9 hobgoblins
  8 jackals
  3 quokkas
  2 ball pythons
  5 bats
  4 frilled lizards
  6 kobolds
  A leopard gecko zombie (D:7)
  A quokka skeleton (D:5)
  A quokka zombie (D:6)
  6 rats
170 creatures vanquished.

Vanquished Creatures (others)
  17 fungi (D:8)
  A plant (D:8)
18 creatures vanquished.

Grand Total: 188 creatures vanquished

Notes
Turn   | Place    | Note
-------+----------+-------------------------------------------
     0 | D:1      | Toshki the Minotaur Monk began the quest for the Orb.
     0 | D:1      | Reached XP level 1. HP: 19/19 MP: 0/0
   575 | D:1      | Reached XP level 2. HP: 27/27 MP: 1/1
   967 | D:2      | Found a shimmering altar of Xom.
   968 | D:2      | Found a blossoming altar of Fedhas.
  1187 | D:2      | Reached XP level 3. HP: 21/33 MP: 2/2
  1397 | D:2      | Found a white marble altar of Elyvilon.
  1410 | D:2      | Reached skill level 1 in Short Blades
  1646 | D:2      | Reached XP level 4. HP: 41/41 MP: 3/3
  2524 | D:3      | Noticed Hebeh's ghost (amateur DDFi)
  2555 | D:3      | Killed Hebeh's ghost
  2555 | D:3      | Reached skill level 2 in Maces & Flails
  2555 | D:3      | Reached skill level 1 in Shields
  2555 | D:3      | Reached XP level 5. HP: 9/47 MP: 4/4
  2993 | D:4      | Reached XP level 6. HP: 53/53 MP: 5/5
  3273 | D:4      | Reached skill level 3 in Maces & Flails
  3601 | D:4      | Reached skill level 5 in Fighting
  3774 | D:4      | Reached XP level 7. HP: 61/61 MP: 6/6
  4101 | D:4      | Reached skill level 4 in Maces & Flails
  4135 | D:4      | Found a glowing golden altar of the Shining One.
  4143 | D:4      | Found a shattered altar of Ashenzari.
  4149 | D:4      | Found a hazy altar of Hepliaklqana.
  4361 | D:5      | Entered Level 5 of the Dungeon
  4519 | D:5      | Reached skill level 5 in Dodging
  5231 | D:5      | Reached skill level 5 in Maces & Flails
  5576 | D:5      | Found a staircase to the Ecumenical Temple.
  5583 | Temple   | Entered the Ecumenical Temple
  5664 | Temple   | Became a worshipper of Cheibriados the Contemplative
  5664 | Temple   | Reached * piety under Cheibriados
  5664 | Temple   | Reached ** piety under Cheibriados
  6238 | D:6      | Reached XP level 8. HP: 58/70 MP: 7/7
  6245 | D:5      | Reached skill level 6 in Maces & Flails
  6465 | D:6      | Noticed Menkaure
  6473 | D:6      | Killed Menkaure
  6810 | D:6      | Found a snail-covered altar of Cheibriados.
  7810 | D:7      | Reached skill level 7 in Maces & Flails
  8192 | D:7      | Noticed an enchanted dagger
  8193 | D:7      | Noticed a hand axe
  8268 | D:7      | Found a hide-covered altar of Uskayaw.
  8307 | D:7      | Reached *** piety under Cheibriados
  8703 | D:8      | Reached XP level 9. HP: 78/78 MP: 8/8
  8713 | D:8      | Reached skill level 8 in Maces & Flails
  8771 | D:8      | Reached skill level 5 in Stealth
  8786 | D:8      | Noticed a two-headed ogre
  8793 | D:8      | Killed a two-headed ogre
  8793 | D:8      | Reached skill level 9 in Maces & Flails
  8796 | D:8      | Reached **** piety under Cheibriados
  9037 | D:8      | Reached skill level 10 in Maces & Flails
  9251 | D:8      | Noticed a two-headed ogre
  9266 | D:8      | Killed a two-headed ogre
  9266 | D:8      | Reached skill level 5 in Shields
  9266 | D:8      | Reached XP level 10. HP: 70/88 MP: 9/9
  9358 | D:8      | Found a staircase to the Lair.
  9376 | D:8      | Reached skill level 1 in Invocations
 10649 | Lair:1   | Entered Level 1 of the Lair of Beasts
 10651 | Lair:1   | Noticed Joseph
 10672 | Lair:1   | Killed Joseph
 11073 | Lair:1   | Identified the Volume of the Eternal Fruit
 11109 | Lair:1   | Noticed an oklob plant
 11109 | Lair:1   | Noticed an oklob plant
 11109 | Lair:1   | Noticed a spiny frog
 11109 | Lair:1   | Noticed an oklob plant
 11109 | Lair:1   | Noticed an oklob plant
 11324 | Lair:1   | Reached skill level 11 in Maces & Flails
 11364 | Lair:1   | HP: 6/135 [wolf (2)]
 11365 | Lair:1   | Slain by a basilisk

Skill      XL: |  1  2  3  4  5  6  7  8  9 10 |
---------------+-------------------------------+-----
Fighting       | 4 5 6 8 |  8.4
Axes           | 4 |  4.1
Short Blades   | 1 2 |  2.6
Stealth        | 2 3 4 5 |  5.9
Dodging        | 4 5 6 7 8 |  8.1
Maces & Flails | 2 3 5 7 10 11 | 11.0
Shields        | 1 2 3 5 |  5.7
Invocations    | 2 |  2.2

Action                   |  1- 3 |  4- 6 |  7- 9 | 10-12 || total
-------------------------+-------+-------+-------+-------++-------
Melee: Hand axe          |     7 |       |       |       ||     7
       Short sword       |    35 |    21 |       |       ||    56
       Headbutt          |     7 |    11 |    78 |    15 ||   111
       Mace              |       |    86 |   221 |    37 ||   344
       Rapier            |       |     1 |       |       ||     1
Evoke: Wand              |       |       |       |     2 ||     2
  Use: Potion            |     1 |     5 |     3 |     3 ||    12
       Scroll            |       |     4 |     6 |     3 ||    13
 Stab: Sleeping          |     3 |     2 |     7 |     2 ||    14
       Invisible         |       |       |     3 |       ||     3
  Eat: Chunk             |     2 |     2 |     2 |       ||     6
       Ration            |       |     2 |     2 |     1 ||     5
Armor: Robe              |     8 |     8 |    22 |     4 ||    42
       Skin              |       |    18 |       |    82 ||   100
Dodge: Dodged            |    34 |    56 |   218 |    51 ||   359
Block: Buckler           |    12 |    23 |    81 |    23 ||   139
